Map: Simulacrum LE

Players

ViBE

  • Race: Zerg Zerg
  • League: Master
  • Spawn Location: 5:00

Solewind - Winner!

  • Race: Protoss Protoss
  • League: Master
  • Spawn Location: 11:00

VOD

Have the link to the VOD?

Description

Time

  • Played on: Jan. 1, 2020, 10:30 p.m.
  • Length: 8:54
Show
View Real Time Build Order
Export as new Build Order

ViBE Zerg 

Build Orders: Hatch First 

Get SALT Encoding   

  12  0:01  Drone  
  13  0:14  Overlord  
  13  0:19  Drone  
  14  0:32  Drone x2  
  16  0:36  Drone  
  17  0:53  Hatchery  
  17  0:55  Drone  
  17  1:00  Drone  
  18  1:13  Spawning Pool  
  18  1:15  Drone  
  18  1:18  Extractor  
  17  1:20  Drone  
  18  1:29  Drone  
  19  1:43  Overlord  
  19  1:53  Drone  
  20  2:00  Queen  
  22  2:06  Queen  
  24  2:15  Zergling x4  
  26  2:18  Drone x2  
  26  2:21  Metabolic Boost  
  28  2:26  Drone  
  29  2:34  Drone x2  
  31  2:46  Drone x2  
  31  2:49  Hatchery  
  32  2:52  Overlord  
  32  2:57  Queen  
  33  3:09  Drone x2  
  35  3:13  Drone x2  
  37  3:24  Overlord  
  37  3:31  Overlord  
  37  3:35  Overlord, Roach Warren  
  36  3:43  Drone x5  
  36  3:44  Drone  
  42  4:00  Spore Crawler  
  42  4:01  Spore Crawler  
  42  4:02  Spore Crawler  
  39  4:03  Zergling x2  
  39  4:04  Zergling x12  
  46  4:18  Roach x5  
  56  4:27  Queen  
  56  4:30  Lair  
  58  4:33  Drone x3  
  61  4:59  Spore Crawler  
  60  5:02  Drone  
  60  5:03  Drone x3  
  60  5:05  Overlord x5  
  65  5:20  Overlord  
  65  5:21  Overlord  
  65  5:26  Drone x4  
  65  5:27  Drone x6  
  75  5:32  Glial Reconstitution  
  75  5:33  Overseer  
  75  5:42  Extractor  
  74  5:43  Extractor  
  74  5:44  Drone x6  
  74  5:45  Hatchery, Extractor  
  74  5:46  Drone  
  74  5:47  Drone  
  78  5:58  Drone x7  
  85  6:05  Hydralisk Den  
  84  6:13  Drone  
  84  6:15  Baneling Nest  
  84  6:18  Drone x2  
  84  6:19  Evolution Chamber  
  84  6:21  Evolution Chamber  
  84  6:22  Drone  
  84  6:23  Drone x5  
  84  6:24  Extractor  
  84  6:25  Extractor  
  82  6:59  Drone x3  
  82  7:00  Drone x11  
  96  7:01  Drone x5  
  100  7:12  Queen  
  102  7:23  Hydralisk x6  
  102  7:29  Centrifugal Hooks  
  114  7:30  Hatchery  
  114  7:32  Extractor  
  114  7:33  Extractor  
  111  7:41  Overlord x3, Hydralisk, Hatchery  
  111  7:43  Grooved Spines  
  112  8:00  Hydralisk x10  
  132  8:07  Hydralisk x2  
  132  8:09  Zergling x12  
  139  8:14  Hydralisk x2  
  139  8:16  Zergling x2  
  139  8:17  Overlord x7  
Show
View Real Time Build Order
Export as new Build Order

Solewind Protoss - Winner!

Build Orders: 1 Gate Expand, Zealot Archon, Archon Drop, Dark Templar Rush 

Get SALT Encoding   

  12  0:00  Probe  
  13  0:12  Probe  
  14  0:18  Pylon  
  14  0:25  Probe (Chrono Boost)  
  15  0:37  Probe (Chrono Boost)  
  15  0:40  Gateway  
  16  0:44  Probe (Chrono Boost)  
  17  0:50  Assimilator  
  17  0:52  Probe  
  18  1:04  Probe  
  19  1:16  Probe  
  20  1:26  Nexus  
  20  1:36  Cybernetics Core  
  20  1:38  Probe  
  21  1:46  Pylon  
  21  1:53  Assimilator  
  21  1:54  Probe  
  22  2:06  Probe  
  23  2:10  Adept (Chrono Boost)  
  23  2:13  Warp Gate  
  25  2:18  Probe  
  26  2:28  Twilight Council  
  26  2:31  Probe  
  26  2:32  Stalker (Chrono Boost)  
  29  2:40  Probe  
  29  2:43  Probe  
  30  2:52  Probe  
  30  2:55  Probe  
  32  3:01  Robotics Facility  
  32  3:04  Probe  
  33  3:08  Probe  
  34  3:13  Gateway  
  34  3:16  Probe  
  35  3:23  Dark Shrine  
  35  3:28  Gateway  
  35  3:34  Gateway  
  35  3:39  Assimilator  
  35  3:43  Probe  
  35  3:44  Probe  
  35  3:46  Assimilator  
  37  3:50  Pylon  
  37  3:52  Warp Prism (Chrono Boost)  
  37  4:00  Assimilator  
  37  4:02  Assimilator, Probe x2 (Chrono Boost)  
  41  4:07  Pylon  
  41  4:14  Probe x2 (Chrono Boost)  
  43  4:24  Probe x2 (Chrono Boost)  
  45  4:35  Probe (Chrono Boost), Pylon  
  47  4:39  Probe (Chrono Boost)  
  47  4:45  Dark Templar x2  
  49  4:46  Dark Templar  
  53  5:03  Probe x2  
  56  5:10  Observer  
  56  5:12  Dark Templar  
  56  5:13  Archon  
  58  5:16  Archon  
  58  5:17  Probe x2  
  60  5:23  Nexus  
  60  5:26  Pylon  
  60  5:37  Pylon x2  
  60  5:38  Adept  
  60  5:42  Immortal (Chrono Boost)  
  62  5:44  Probe x2  
  62  5:48  Pylon  
  68  5:59  Forge  
  68  6:08  Probe x2  
  68  6:10  Sentry x2  
  74  6:11  Sentry x2  
  74  6:14  Charge (Chrono Boost), Immortal (Chrono Boost)  
  82  6:23  Gateway  
  82  6:25  Gateway  
  82  6:28  Protoss Ground Weapons Level 1 (Chrono Boost), Gateway  
  82  6:33  Gateway  
  82  6:55  Immortal (Chrono Boost)  
  81  7:03  Probe x2  
  81  7:06  Sentry x2  
  81  7:07  Stalker  
  81  7:08  Stalker  
  91  7:13  Probe  
  92  7:15  Probe  
  92  7:16  Probe  
  94  7:32  Zealot  
  94  7:33  Zealot x6  
  94  7:35  Pylon  
  108  7:38  Pylon  
  108  7:43  Pylon  
  108  7:45  Pylon  
  108  7:51  Shield Battery  
  108  7:58  Pylon  
  108  8:02  Zealot  
  108  8:03  Zealot x7  
  116  8:16  Zealot x4  
  110  8:35  Zealot x4  
  110  8:41  Zealot x4  
Tags
 
Add a new tag
Caveats
  • Supply blocks, unpowered buildings, or Contaminate may cause inaccurate times.
  • Supply counts are checked every 10 seconds.